Map: Acropolis LE

Players

spektr

  • Race: Zerg Zerg
  • League: Diamond
  • Spawn Location: 11:00

Woah - Winner!

  • Race: Terran Terran
  • League: Diamond
  • Spawn Location: 5:00

VOD

Have the link to the VOD?

Description

Time

  • Played on: June 14, 2019, 8:50 p.m.
  • Length: 11:06
Show
View Real Time Build Order
Export as new Build Order

spektr Zerg 

Build Orders: Pool First 

Get SALT Encoding   

  12  0:04  Drone  
  13  0:11  Drone  
  14  0:18  Extractor, Drone  
  15  0:32  Spawning Pool  
  14  0:38  Overlord  
  14  0:57  Drone x3  
  17  1:08  Drone  
  18  1:16  Hatchery  
  17  1:21  Zergling x2  
  17  1:24  Extractor  
  17  1:31  Queen  
  19  1:35  Drone  
  20  1:41  Drone  
  21  1:51  Overlord  
  21  2:02  Drone  
  22  2:11  Queen  
  24  2:20  Drone  
  24  2:37  Zergling x2  
  24  2:39  Metabolic Boost  
  24  2:41  Queen  
  27  2:45  Drone x6  
  33  3:03  Drone x3  
  36  3:11  Overlord  
  36  3:29  Queen  
  36  3:32  Drone x5  
  43  3:35  Hatchery  
  43  3:37  Spore Crawler  
  41  3:48  Queen  
  43  3:50  Overlord  
  43  3:52  Drone  
  44  4:02  Overlord x2  
  44  4:06  Spore Crawler  
  44  4:09  Zergling x6  
  47  4:10  Zergling x2  
  47  4:18  Drone x5  
  47  4:20  Overlord  
  47  4:23  Drone  
  53  4:35  Extractor x2  
  51  4:38  Roach Warren  
  50  4:46  Drone x3  
  50  4:47  Drone x3  
  50  4:48  Evolution Chamber  
  50  4:49  Drone  
  50  4:50  Evolution Chamber, Drone  
  50  4:52  Drone  
  57  4:55  Pneumatized Carapace  
  57  5:16  Lair  
  57  5:20  Drone x3  
  57  5:21  Extractor  
  59  5:22  Drone  
  62  5:43  Roach  
  62  5:44  Roach x9  
  64  6:23  Ravager x4  
  64  6:25  Roach, Drone  
  71  6:26  Roach x2  
  66  7:24  Hatchery  
  53  8:16  Zerg Missile Weapons Level 1, Zerg Ground Armor Level 1  
  53  8:20  Glial Reconstitution  
  53  8:21  Spire  
  53  8:26  Drone x9  
  61  8:27  Queen x2  
  65  8:39  Drone x3  
  68  8:49  Spine Crawler  
  68  8:54  Spine Crawler  
  66  8:57  Spine Crawler  
  66  9:00  Spore Crawler  
  64  9:05  Queen  
  64  9:09  Spore Crawler x2  
  64  9:21  Drone x3  
  64  9:22  Drone x5  
  72  9:25  Overlord, Extractor x2  
  72  9:28  Queen x2  
  74  9:34  Overlord x3  
  74  9:40  Spore Crawler  
  71  9:46  Drone x2  
  71  9:47  Drone  
  71  9:48  Drone x2  
  76  9:54  Mutalisk x3  
  82  10:03  Mutalisk x4  
  90  10:08  Queen  
  92  10:15  Spore Crawler  
  92  10:16  Mutalisk x3  
  92  10:17  Mutalisk, Spore Crawler  
  98  10:38  Infestation Pit  
Show
View Real Time Build Order
Export as new Build Order

Woah Terran - Winner!

Build Orders: Reaper Expand 

Get SALT Encoding   

  12  0:01  SCV  
  13  0:13  SCV  
  14  0:17  Supply Depot  
  14  0:25  SCV  
  15  0:39  SCV  
  15  0:41  Barracks  
  16  0:44  Refinery  
  16  0:51  SCV  
  17  1:03  SCV  
  18  1:16  SCV  
  19  1:28  Orbital Command  
  19  1:29  Reaper  
  20  1:43  Command Center  
  20  1:53  Supply Depot  
  20  2:01  Marine  
  20  2:04  SCV  
  20  2:08  Factory  
  22  2:15  Refinery  
  22  2:16  SCV  
  22  2:37  SCV  
  22  2:41  Barracks Reactor  
  23  2:49  SCV  
  24  2:59  Starport  
  24  3:04  SCV  
  25  3:14  Orbital Command  
  25  3:22  Hellion x2  
  25  3:25  SCV, Supply Depot  
  30  3:37  SCV, Viking  
  30  3:41  Barracks Tech Lab  
  33  3:43  Hellion x2  
  37  3:48  Supply Depot  
  37  3:52  SCV  
  37  3:53  SCV  
  39  4:00  Marine  
  39  4:01  Stimpack  
  40  4:04  SCV  
  40  4:05  SCV  
  40  4:07  Hellion  
  40  4:09  Hellion  
  46  4:14  Supply Depot  
  46  4:16  SCV  
  47  4:20  Liberator x2  
  47  4:23  Marine  
  48  4:26  SCV  
  55  4:40  Marine  
  55  4:41  SCV  
  55  4:43  Armory  
  57  4:46  Factory Tech Lab  
  57  4:47  Engineering Bay  
  57  4:52  SCV  
  58  4:53  SCV  
  58  4:58  Marine  
  60  5:04  SCV  
  60  5:05  Barracks  
  61  5:09  Siege Tank  
  61  5:13  SCV  
  65  5:14  Refinery  
  65  5:16  SCV  
  65  5:18  Refinery  
  66  5:48  Marine  
  67  5:50  Siege Tank  
  67  5:55  Command Center  
  67  5:56  Engineering Bay  
  70  5:58  Supply Depot  
  70  5:59  Barracks Reactor  
  70  6:09  SCV  
  70  6:10  Marine  
  64  6:27  Marine  
  65  6:33  Siege Tank  
  60  6:51  SCV x2  
  60  6:53  Marine x3  
  59  6:57  Barracks x2  
  59  6:58  Barracks  
  59  6:59  Barracks  
  59  7:10  Marine  
  59  7:11  Marine x2  
  62  7:25  Bunker x3  
  62  7:27  Bunker  
  62  7:28  Marine  
  66  7:38  Medivac x2, Marine x2  
  69  7:49  Barracks  
  68  8:12  SCV x2  
  63  8:19  Orbital Command  
  63  8:21  Supply Depot x2  
  63  8:24  SCV, Medivac  
  63  8:25  Medivac, Siege Tank  
  63  8:26  Combat Shield  
  71  8:28  Barracks Reactor  
  71  8:29  Barracks Reactor, Barracks Tech Lab x2  
  71  8:37  Terran Infantry Weapons Level 1  
  71  8:41  Engineering Bay  
  71  8:46  Marine x3  
  74  8:51  Supply Depot  
  74  8:53  Supply Depot  
  74  9:02  Marauder x2  
  78  9:03  Concussive Shells, Marine x2  
  78  9:04  Marine x3  
  83  9:11  Marine  
  83  9:12  Marine  
  85  9:17  Orbital Command  
  85  9:21  Marine x3  
  85  9:22  SCV, Marine x2  
  85  9:23  SCV, Marauder, Marine  
  95  9:29  Marine x2  
  97  9:33  Sensor Tower  
  97  9:34  SCV  
  98  9:39  Marine x3  
  98  9:40  Marine x2  
  98  9:41  Marauder  
  98  9:44  Marine  
  104  9:47  SCV x2  
  104  9:51  SCV  
  107  10:05  Refinery x2  
  107  10:16  Command Center  
  107  10:22  Marauder x2, Marine x4  
  107  10:23  Marauder  
  117  10:44  Marine  
  117  10:45  Marine  
  116  11:01  Missile Turret  
  116  11:03  Missile Turret  
  117  11:04  Missile Turret  
  117  11:05  Missile Turret  
Tags
 
Matchup
TvZ
Replay Pack
r1
Spawn Locations
Cross Positions
Add a new tag
Caveats
  • Supply blocks, unpowered buildings, or Contaminate may cause inaccurate times.
  • Supply counts are checked every 10 seconds.